 Dungeon Crawl Stone Soup version 0.24.0-37-gcf1ca852f1 (webtiles) character file.

Game seed: 13869484802465631491, levelgen mode: deterministic

1147 Mrkan the Chopper (level 8, 0/71 HPs)
             Began as a Minotaur Fighter on Nov 26, 2019.
             Was a Believer of Yredelemnul.
             Slain by a hound (3 damage)
             ... on level 5 of the Dungeon.
             The game lasted 00:07:31 (4080 turns).

Mrkan the Chopper (Minotaur Fighter)                Turns: 4080, Time: 00:07:31

Health: 0/71       AC: -1    Str: 21    XL:     8   Next: 15%
Magic:  7/7        EV:  8    Int:  6    God:    Yredelemnul [**....]
Gold:   303        SH: 10    Dex: 11    Spells: 7/7 levels left

rFire    . . .     SeeInvis .   a - +0 war axe
rCold    . . .     Gourm    .   c - +0 shield
rNeg     . . .     Faith    .   b - +0 scale mail
rPois    .         Spirit   .   (helmet restricted)
rElec    .         Reflect  .   y - +0 cloak
rCorr    .         Harm     .   (no gloves)
MR       .....                  x - +0 pair of boots (curse)
Stlth    ..........             (no amulet)
HPRegen  0.21/turn              (no ring)
MPRegen  0.10/turn              (no ring)

@: corroded
A: retaliatory headbutt, horns 2
a: Animate Remains, Recall Undead Slaves, Injury Mirror, Renounce Religion


You were on level 5 of the Dungeon.
You worshipped Yredelemnul.
Yredelemnul was pleased with you.
You were not hungry.

You visited 1 branch of the dungeon, and saw 5 of its levels.

You collected 303 gold pieces.

Inventory:

Hand Weapons
 a - a +0 war axe (weapon)
Missiles
 u - 5 curare-tipped darts (quivered)
Armour
 b - a +0 scale mail (worn)
 c - a +0 shield (worn)
 x - a cursed +0 pair of boots (worn)
 y - a +0 cloak (worn)
Jewellery
 s - an uncursed ring of wizardry {unknown}
 A - a +2 ring of intelligence {unknown}
Scrolls
 e - 11 scrolls of identify {unknown}
 h - 2 scrolls of remove curse {unknown}
 i - 2 scrolls of random uselessness {unknown}
 j - 8 scrolls of teleportation {unknown}
 l - 6 scrolls of magic mapping {unknown}
 n - 8 scrolls of immolation {unknown}
 o - a scroll of fear {unknown}
 r - a scroll of blinking {unknown}
 w - a scroll of amnesia {unknown}
 B - a scroll of enchant weapon {unknown}
Potions
 d - a potion of might
 g - 2 potions of curing {unknown}
 k - a potion of cancellation {unknown}
 m - a potion of agility {unknown}
 p - a potion of mutation {unknown}
 q - 3 potions of lignification {unknown}
 t - a potion of invisibility {unknown}
 v - a potion of ambrosia {unknown}
 z - a potion of flight {unknown}
Comestibles
 f - 6 rations
 C - a chunk of flesh


   Skills:
 + Level 6.3 Fighting
 * Level 7.7 Axes
 - Level 6.0 Armour
 + Level 6.3 Shields
 + Level 1.0 Invocations


You had 7 spell levels left.
You didn't know any spells.
Your spell library was empty.

Dungeon Overview and Level Annotations

Branches:
Dungeon (5/15)
 Temple: D:4-7

Altars:
Ashenzari
Cheibriados
Nemelex Xobeh
Qazlal
Vehumet
Xom
Yredelemnul
Zin

Shops:
D:5 %


Innate Abilities, Weirdness & Mutations

You reflexively headbutt those who attack you in melee.
You have a pair of horns on your head.


Message History

You slash the jelly! The acid corrodes you!
Your hands burn!
The jelly is almost dead.
You hit the hound. You block the hound's attack. The jelly hits you.
The acid corrodes you!
You are splashed with acid!
Your shield prevents you from hitting the jelly.
You headbutt the jelly.
The jelly is almost dead.
You barely miss the hound. The hound bites you. The jelly hits you.
You are splashed with acid!
* * * LOW HITPOINT WARNING * * *
The hound bites you.
* * * LOW HITPOINT WARNING * * *
The jelly hits you.
* * * LOW HITPOINT WARNING * * *
You are splashed with acid!
* * * LOW HITPOINT WARNING * * *
You block the hound's attack. The hound bites you.
You die...
Your body rises from the dead as a mindless zombie.

......... ##.##....###
.......# #.#####.###
......# #.# #.... .....
##'## #.... #†.# ##...##
#.### #..# ##.....###.# #
#####..## ##.......##.###
.........####.........#.##.
#####...Jh@.+.........'....
##...####.........#....
##.## ##...>...##.### #.#
##.....###.# # ##.##
##...## #.# # #...## ##+##
#># # #..<)# #.# #.###
#....# #.# #.... ####.#
##.## #####


You could see a hound and a jelly.

Vanquished Creatures
  2 phantoms (D:4)
  An ogre (D:5)
  A howler monkey (D:5)
  3 wights (D:3)
  A crimson imp (D:5)
  A centaur skeleton (D:5)
  4 orc priests
  3 jellies
  3 orc wizards (D:4)
  Jessica (D:3)
  3 worker ants
  13 adders
  A shadow imp (D:5)
  9 oozes (D:3)
  An adder skeleton (D:5)
  2 worms
  2 dart slugs
  4 leopard geckos
  11 orcs
  11 giant cockroaches
  8 hobgoblins
  11 jackals
  A quokka (D:2)
  3 ball pythons
  9 bats
  4 frilled lizards
  7 goblins
  15 kobolds
  9 rats
  A spectral orc (D:2)
145 creatures vanquished.

Vanquished Creatures (others)
  An orc (D:4)
  5 fungi (D:3)
  4 toadstools (D:3)
10 creatures vanquished.

Grand Total: 155 creatures vanquished

Notes
Turn   | Place    | Note
-------+----------+-------------------------------------------
     0 | D:1      | Mrkan the Minotaur Fighter began the quest for the Orb.
     0 | D:1      | Reached XP level 1. HP: 19/19 MP: 0/0
   139 | D:1      | Reached XP level 2. HP: 27/27 MP: 1/1
   255 | D:1      | Reached skill level 3 in Axes
   519 | D:1      | Reached XP level 3. HP: 33/33 MP: 2/2
   826 | D:2      | Reached XP level 4. HP: 34/40 MP: 3/3
   952 | D:2      | Found a basalt altar of Yredelemnul.
   961 | D:2      | Became a worshipper of Yredelemnul the Dark
  1020 | D:2      | Reached skill level 4 in Axes
  1434 | D:3      | Noticed Jessica
  1438 | D:3      | Killed Jessica
  1438 | D:3      | Reached XP level 5. HP: 47/47 MP: 4/4
  1536 | D:3      | Reached * piety under Yredelemnul
  1536 | D:3      | Reached skill level 5 in Axes
  1940 | D:3      | Reached XP level 6. HP: 42/55 MP: 5/5
  2074 | D:3      | Found a shattered altar of Ashenzari.
  2230 | D:3      | Reached skill level 5 in Fighting
  2496 | D:3      | Reached skill level 5 in Armour
  2498 | D:3      | Reached skill level 5 in Shields
  2651 | D:3      | Reached ** piety under Yredelemnul
  2692 | D:4      | Found a snail-covered altar of Cheibriados.
  2709 | D:4      | Reached skill level 6 in Axes
  2717 | D:4      | Reached XP level 7. HP: 40/61 MP: 6/6
  3263 | D:4      | Found a stormy altar of Qazlal.
  3309 | D:4      | Found a glowing silver altar of Zin.
  3343 | D:4      | Found a radiant altar of Vehumet.
  3437 | D:4      | Found a radiant altar of Vehumet.
  3439 | D:4      | Found a sparkling altar of Nemelex Xobeh.
  3439 | D:4      | Found a shimmering blue altar of Sif Muna.
  3441 | D:4      | Found a basalt altar of Yredelemnul.
  3441 | D:4      | Found a radiant altar of Vehumet.
  3441 | D:4      | Found a shimmering altar of Xom.
  3464 | D:4      | Reached skill level 7 in Axes
  3623 | D:5      | Entered Level 5 of the Dungeon
  3686 | D:5      | Found Heri's Food Boutique.
  3923 | D:5      | Reached XP level 8. HP: 63/70 MP: 7/7
  4070 | D:5      | Reached skill level 1 in Invocations
  4077 | D:5      | HP: 3/71 [acid (9)]
  4080 | D:5      | Slain by a hound

Levels and vault maps discovered:
D:1:      tarquinn_simple_flora_water_d, layout_loops_cross, grunt_decor_clamped
D:2:      layout_loops_ring, yredelemnul_forgotten_temple_becter,
          minmay_misc_feat_four_crosses, minmay_pentomino_o4
D:3:      cheibrodos_fertilizer, layout_loops_ring, old_standard_altar,
          uniq_jessica
D:4:      layout_rooms, zin_treasury, kennysheep_mini, kennysheep_slug_shrine,
          grunt_qazlal_clouds, first_ration, doesnt_xom_only_xom
D:5:      minmay_evil_eye, layout_loops_corners, serial_shops,
          kennysheep_mini_moat

Skill      XL: |  1  2  3  4  5  6  7  8 |
---------------+-------------------------+-----
Axes           | 3 4 5 6 7 |  7.7
Armour         | 4 5 6 |  6.0
Fighting       | 4 5 6 |  6.3
Shields        | 4 5 6 |  6.3
Invocations    | 1 |  1.0

Action                   |  1- 3 |  4- 6 |  7- 9 || total
-------------------------+-------+-------+-------++-------
Melee: War axe           |    98 |   138 |   102 ||   338
       Headbutt          |    17 |    28 |    19 ||    64
  Eat: Chunk             |       |     5 |     6 ||    11
Armor: Scale mail        |    51 |    77 |    47 ||   175
Dodge: Dodged            |    43 |    44 |    28 ||   115
Block: Shield            |    61 |    81 |    54 ||   196
